 Dungeon Crawl Stone Soup version 0.18-a0-1683-gf9322e6 (webtiles) character file.

1183 Ratboiler the Carver (level 8, -1/59 HPs)
             Began as a Black Draconian Wanderer on Apr 3, 2016.
             Was an Initiate of Trog.
             Slain by a wight
             ... wielding a +2 flail of draining
              (3 damage)
             ... on level 7 of the Dungeon.
             The game lasted 00:09:14 (7418 turns).

Ratboiler the Carver (Black Draconian Wanderer)     Turns: 7418, Time: 00:09:15

Health: -1/59      AC:  7    Str: 13    XL:     8   Next: 19%
Magic:  8/8        EV: 11    Int: 13    God:    Trog [......]
Gold:   159        SH:  0    Dex: 14    Spells: 0 memorised, 7 levels left

rFire  . . .     SeeInvis .     b - +0 falchion
rCold  . . .     Gourm    .     (armour unavailable)
rNeg   . . .     Faith    .     (no shield)
rPois  .         Spirit   .     (helmet restricted)
rElec  +         Dismiss  .     (no cloak)
rCorr  .         Reflect  .     r - +0 pair of gloves
SustAt +         Harm     .     (no boots)
MR     .....                    (no amulet)
Stlth  +.........               (no ring)
                                c - ring of sustain attributes

@: short of breath, heavily drained, not resistant to hostile enchantments, very
unstealthy
A: breathe lightning, unfitting armour, electricity resistance, cold-blooded, AC
+6
a: Breathe Lightning, Burn Spellbooks, Renounce Religion


You were on level 7 of the Dungeon.
You worshipped Trog.
Trog was noncommittal.
You were not hungry.

You visited 1 branch of the dungeon, and saw 7 of its levels.
You also visited: Ossuary.

You collected 159 gold pieces.

Inventory:

Hand Weapons
 b - a +0 falchion (weapon)
Missiles
 e - 9 poisoned needles
Armour
 r - a +0 pair of gloves (worn)
Jewellery
 c - a ring of sustain attributes (left hand)
Wands
 t - a wand of random effects (29/48)
Scrolls
 g - a scroll of magic mapping {unknown}
 j - a scroll of teleportation {unknown}
 k - 2 scrolls of recharging {unknown}
 n - a scroll of immolation
 o - 2 scrolls of enchant armour
 p - a scroll of enchant weapon {unknown}
 v - a scroll of remove curse {unknown}
Potions
 h - a potion of might
 i - a potion of berserk rage
 m - a potion of lignification
 q - a potion of resistance
 s - a potion of flight
Books
 a - a book of Spatial Translocations

   Spells                             Type                      Level
   a - Apportation                    Translocation                1
   b - Blink                          Translocation                2
   c - Shroud of Golubria             Charms/Translocation         2
   d - Portal Projectile              Translocation                3
   e - Teleport Other                 Translocation                3
   f - Passage of Golubria            Translocation                4
   Trog disapproves of the use of such an item.
Comestibles
 d - 7 bread rations
 f - 9 fruits


   Skills:
 - Level 1.1(0.0) Fighting
 + Level 10.5(8.1) Long Blades
 - Level 1.7(0.0) Throwing
   Level 3.0(1.0) Translocations


You had 7 spell levels left.
You didn't know any spells.

Dungeon Overview and Level Annotations

Branches:
Dungeon (7/15)
 Temple: D:4-7

Altars:
Dithmenos
Elyvilon
Fedhas
Makhleb
Sif Muna
Trog
Zin

Shops:
D:4 (

Annotations:
D:6 Dowan


Innate Abilities, Weirdness & Mutations

You can breathe wild blasts of lightning.
Your glossy black scales are hard (AC +6).
Your body does not fit into most forms of armour.
You are resistant to electric shocks.
You are cold-blooded and may be slowed by cold attacks.


Message History

* * * LOW HITPOINT WARNING * * *
You hit the wight but do no damage.
The wight is heavily damaged.
A wight comes into view. It is wielding a dire flail.
Unknown command.
You hit the wight.
Your tail-slap misses the wight.
The wight is severely damaged.
The wight hits you with a flail of draining!
* * * LOW HITPOINT WARNING * * *
You feel drained.
* * * LOW HITPOINT WARNING * * *
You feel drained.
* * * LOW HITPOINT WARNING * * *
You barely miss the wight.
The wight is severely damaged.
The wight misses you.
You closely miss the wight.
The wight is severely damaged.
The wight hits you with a flail of draining.
You die...

#.###....## #..##..###
#..###.# #..###.# #..
######...##.##
#..######...##.#.##..#
#...........##.#..##.##
#..........(##.##.##.>#
#...h.z...z@(h(##.#...#
##........(#####......#
...........# #....###
........#### #'''##
.......)#
#####...#######
........#
.§§§#...###§###
........#
§§§§§#.≈.##§§§##
#######.#
§§§§§#...#..§§§# #.#
§§§§§#...##§§§##


You could see a black bear (wandering), a hound (wandering) and 2 wights.

Vanquished Creatures
  Menkaure (D:4)
  An ogre (D:7)
  An elf zombie (Ossuary)
  Blork the orc (D:5)
  2 scorpions
  A jelly (D:6)
  2 centaur zombies (Ossuary)
  An orc priest (D:6)
  A human zombie (Ossuary)
  2 orc wizards (D:6)
  A giant frog skeleton (D:4)
  Jessica (D:2)
  3 worker ants (D:4)
  Natasha (twice) (D:2)
  5 big kobold zombies (Ossuary)
  2 hound zombies (Ossuary)
  3 mummies (Ossuary)
  Robin (D:1)
  3 adders
  A shadow imp (D:4)
  3 adder zombies (Ossuary)
  An adder skeleton (D:4)
  3 worms
  A dart slug (D:1)
  5 giant geckos
  5 orcs (D:4)
  6 bats
  A giant cockroach (D:4)
  15 goblins
  6 hobgoblins
  16 jackals
  2 ball pythons (D:2)
  5 giant newts
  4 goblin zombies (Ossuary)
  A jackal skeleton (D:4)
  2 jackal zombies (Ossuary)
  7 kobolds
  3 kobold zombies (Ossuary)
  2 orc zombies (Ossuary)
  A quokka zombie (Ossuary)
  5 rats
  7 rat zombies (Ossuary)
136 creatures vanquished.

Notes
Turn   | Place    | Note
--------------------------------------------------------------
     0 | D:1      | Ratboiler the Draconian Wanderer began the quest for the Orb.
     0 | D:1      | Ratboiler set off with: a book of Spatial Translocations, a +0 falchion, a potion of curing, a bread ration
     0 | D:1      | Reached XP level 1. HP: 16/16 MP: 1/1
   218 | D:1      | Reached XP level 2. HP: 12/23 MP: 2/2
   830 | D:1      | Reached skill level 5 in Long Blades
   830 | D:1      | Reached XP level 3. HP: 23/28 MP: 3/3
  1095 | D:2      | Noticed Jessica
  1319 | D:2      | Killed Jessica
  1664 | D:2      | Reached XP level 4. HP: 35/35 MP: 4/4
  1928 | D:2      | Found a blossoming altar of Fedhas.
  2028 | D:2      | Noticed Natasha
  2035 | D:2      | Killed Natasha
  2035 | D:2      | Reached skill level 6 in Long Blades
  2177 | D:2      | Noticed Natasha
  2182 | D:2      | Killed Natasha
  2320 | D:2      | Noticed Robin
  2402 | D:1      | Killed Robin
  2402 | D:1      | Reached XP level 5. HP: 11/40 MP: 5/5
  3424 | D:4      | Reached skill level 7 in Long Blades
  3878 | D:4      | Reached XP level 6. HP: 38/47 MP: 6/6
  3955 | D:4      | Found Wucka's Weapon Boutique.
  4376 | D:4      | Noticed Menkaure
  4380 | D:4      | Killed Menkaure
  4380 | D:4      | Reached skill level 8 in Long Blades
  4551 | D:5      | Entered Level 5 of the Dungeon
  4551 | D:5      | Noticed Blork the orc
  4579 | D:5      | Killed Blork the orc
  4579 | D:5      | Your scales start taking on a glossy black colour.
  4579 | D:5      | Reached XP level 7. HP: 37/52 MP: 7/7
  4579 | D:5      | Gained mutation: You are resistant to electric shocks. [Black Draconian growth]
  5129 | D:5      | Found a shadowy altar of Dithmenos.
  5132 | D:5      | Found a deep blue altar of Sif Muna.
  5135 | D:5      | Found a burning altar of Makhleb.
  5138 | D:5      | Found a glowing silver altar of Zin.
  5197 | D:5      | Found a white marble altar of Elyvilon.
  5226 | D:5      | You fall through a shaft!
  5246 | D:6      | Reached skill level 9 in Long Blades
  5256 | D:6      | Found a sand-covered staircase.
  5265 | Ossuary  | Entered an ossuary
  6362 | Ossuary  | Reached skill level 10 in Long Blades
  6763 | Ossuary  | Reached XP level 8. HP: 48/59 MP: 8/8
  7091 | D:6      | Noticed Dowan
  7252 | D:7      | Found a bloodstained altar of Trog.
  7258 | D:7      | Became a worshipper of Trog the Wrathful
  7416 | D:7      | HP: 2/59 [wight/flail of draining (4)]
  7418 | D:7      | Slain by a wight

Vault maps used:
D:1:      wheals_arrival_shading, minmay_crystal_water,
          kennysheep_decorative_pillar, minmay_surrounded
D:2:      fedhas_altar_fruit_tree, uniq_robin, uniq_natasha, uniq_jessica
D:3:      kennysheep_big_flooded_room, grunt_qazlal_clouds,
          kennysheep_generic_room_10, uniq_crazy_yiuf_cottage
D:4:      first_bread, serial_shops, shop_fountains, minmay_misc_feat_encased,
          uniq_menkaure
D:5:      elyvilon_altar_5, grunt_temple_overflow_cloverleaf,
          serial_bayou_lake_a, uniq_blork_the_orc
D:6:      grunt_temple_overflow_open, enter_ossuary_5, amethyst_killhole,
          kennysheep_generic_room_11, uniq_duvessa
D:7:      kennysheep_steamy, okawaru_ov_weapons_minmay, bloody_trog,
          minmay_temple_entry_trees, serial_shops, shop, the_bakery,
          nemelex_altar_shiori
Ossuary:  minmay_ossuary_two_tombs

Skill      XL: |  1  2  3  4  5  6  7 |
---------------+----------------------+-----
Long Blades    | 5 6 7 8 10 | 10.5
Fighting       | |  1.1
Throwing       | |  1.7
Translocations | |  3.0

Action                   |  1- 3 |  4- 6 |  7- 9 || total
-------------------------+-------+-------+-------++-------
Melee: Falchion          |   121 |   296 |   312 ||   729
 Abil: Breathe Lightning |       |       |     5 ||     5
  Use: Potion            |       |     4 |       ||     4
       Scroll            |       |     5 |     3 ||     8
 Stab: Sleeping          |       |     3 |       ||     3
  Eat: Chunk             |     2 |     5 |       ||     7
       Beef jerky        |       |     1 |       ||     1
       Pizza             |       |     1 |       ||     1
       Meat ration       |       |     1 |     2 ||     3
